 Dungeon Crawl Stone Soup version 0.30-a0-622-gddc90eaa04 (webtiles) character file.

Game seed: 4512793179463053003

576 funkygono the Firebug (level 7, 0/36 HPs)
             Began as a Gargoyle Fire Elementalist on Jan 10, 2023.
             Slain by a gnoll
             ... wielding a +0 club
             ... led by a gnoll bouda
              (3 damage)
             ... on level 4 of the Dungeon.
             The game lasted 00:05:41 (4502 turns).

funkygono the Firebug (Gargoyle Fire Elementalist)  Turns: 4502, Time: 00:05:42

Health: 0/36       AC:  6    Str: 12    XL:     7   Next: 35%
Magic:  10/14      EV: 12    Int: 17    God:
Gold:   230        SH:  0    Dex: 10    Spells: 10/16 levels left

rFire   . . .      SeeInvis .    p - +0 whip
rCold   . . .      Faith    .    (no shield)
rNeg    + . .      Spirit   .    a - +0 robe
rPois   ∞          Reflect  .    (no helmet)
rElec   +          Harm     .    (no cloak)
rCorr   .          Rampage  .    (no gloves)
Will    .....                    (no boots)
Stlth   ++                       (no amulet)
HPRegen 0.26/turn                (no ring)
MPRegen 0.14/turn                (no ring)

@: no status effects
A: sickness immunity, AC +4, negative energy resistance 1, electricity
resistance, torment resistance 1, petrification resistance
a: no special abilities


You were on level 4 of the Dungeon.
You visited 1 branch of the dungeon, and saw 4 of its levels.

You collected 230 gold pieces.

Inventory:

Hand Weapons
 d - a +0 club
 o - a +2 long sword of flaming
 p - a +0 whip (weapon)
Armour
 a - a +0 robe (worn)
 h - a +0 leather armour
Jewellery
 i - an amulet of faith
Scrolls
 c - a scroll of vulnerability {unknown}
 f - 5 scrolls of teleportation {unknown}
 g - a scroll of magic mapping {unknown}
 k - 2 scrolls of identify {unknown}
 l - 3 scrolls of immolation {unknown}
 m - a scroll of silence {unknown}
 n - a scroll of fog {unknown}
 t - a scroll of noise {unknown}
Potions
 e - 2 potions of mutation {unknown}
 j - 4 potions of heal wounds {unknown}
 q - a potion of ambrosia {unknown}
 r - a potion of might {unknown}
 s - a potion of degeneration {unknown}


   Skills:
 + Level 0.1 Fighting
 + Level 2.2 Dodging
 - Level 2.1 Stealth
 + Level 5.0 Spellcasting
 + Level 3.7 Conjurations
 + Level 5.0 Fire Magic


You had 10 spell levels left.
You knew the following spells:

 Your Spells              Type           Power      Damage    Failure   Level
a - Foxfire               Conj/Fire      76%        2x1d7     2%          1
b - Scorch                Fire           42%        2d7       2%          2
c - Kindle Blastsparks    Fire/Tloc/Air  18%        2d11      22%         3

Your spell library contained the following spells:

 Spells                   Type           Power      Damage    Failure   Level
 Apportation              Tloc           8%         N/A       14%         1
 Necrotise                Necr           16%        1d4       14%         1
 Summon Small Mammal      Summ           16%        N/A       14%         1
 Inner Flame              Hex/Fire       12%        N/A       16%         3
 Stone Arrow              Conj/Erth      20%        3d8       21%         3
 Poisonous Vapours        Pois/Air       8%         N/A       22%         2
 Flame Wave               Conj/Fire      19%        2d7       22%         4
 Mephitic Cloud           Conj/Pois/Air  8%         N/A       26%         3
 Animate Armour           Summ/Erth      8%         N/A       80%         4
 Irradiate                Conj/Tmut      5%         3d13      88%         5
 Starburst                Conj/Fire      9%         6d5       98%         6
 Lehudib's Crystal Spear  Conj/Erth      5%         10d3      100%        8
 Chain Lightning          Conj/Air       5%         3d6       100%        9
 Cigotuvi's Dreadful Rot  Necr/Pois/Air  Unusable   N/A       N/A         2

Dungeon Overview and Level Annotations

Branches:
Dungeon (4/15)
 Temple: D:4-7

Altars:


Innate Abilities, Weirdness & Mutations

You are immune to sickness and miasma.
Your stone body is resilient. (AC +4)
You are immune to poison.
You resist negative energy. (rN+)
You are resistant to electric shocks. (rElec)
You are resistant to unholy torment.
You are immune to petrification.


Message History

The gnoll hits you from afar with a +0 spear.
* * * LOW HITPOINT WARNING * * *
The gnoll misses you. The gnoll bouda barely misses you.
Casting: Foxfire (safe; 2% risk of failure)
Confirm with . or Enter, or press ? or * to list all spells.
Flames lash the gnoll bouda.
The gnoll bouda is almost dead.
The gnoll bouda's fire resistance burns away.
The foxfire hits the gnoll bouda.
The gnoll bouda is burned terribly!
You kill the gnoll bouda!
The foxfire hits the gnoll.
You kill the gnoll!
The gnoll closely misses you. x2
Your Spellcasting skill increases to level 5!
Your Fire Magic skill increases to level 5!
Unknown command.
Casting: Scorch (safe; 2% risk of failure)
Confirm with . or Enter, or press ? or * to list all spells.
You conjure some foxfire!
The gnoll is no longer moving quickly.
The gnoll hits you from afar with a +0 spear.
* * * LOW HITPOINT WARNING * * *
The gnoll hits you but does no damage.
Casting: Foxfire (safe; 2% risk of failure)
Confirm with . or Enter, or press ? or * to list all spells.
You conjure some foxfire!
The gnoll is no longer more vulnerable to fire.
The foxfire hits the gnoll.
The gnoll is severely wounded.
The foxfire hits the gnoll!
You kill the gnoll!
The gnoll hits you with a +0 club.
* * * LOW HITPOINT WARNING * * *
Unknown command.
The gnoll attacks as you move away! The gnoll misses you.
The foxfire hits the gnoll.
The gnoll is moderately wounded.
The foxfire hits the gnoll.
The gnoll is moderately wounded.
The gnoll attacks as you move away! The gnoll hits you with a +0 club.
You die...

......# #######.##........# #...
##.#### ######.##.##...### #...
#.#######........>.....# ####)#.
#.#.....#.........##...# #...)..
#.#.###.#.........###### #.##.##
#.#.###.#.........###.####.##.##
#........)...........#..........
###.###.#.....>.....###..#.##.#.
#.###.#......@)..## ##.#.##...
#.....#....<.§g.).###..#......
#######......§)..#.#.#.#.####<
##########.......#.. ..
####.###### ##. #.# #. #.# #.#
#$#


You could see a gnoll (swift).

Vanquished Creatures
  2 ogres
  A gnoll bouda (D:4)
  A jelly (D:4)
  An orc priest (D:4)
  3 orc wizards (D:4)
  9 gnolls (D:4)
  5 adders
  An ufetubus (D:4)
  A worm (D:4)
  A dart slug (D:1)
  15 orcs
  5 ball pythons
  6 bats
  4 endoplasms
  6 giant cockroaches
  7 goblins
  4 hobgoblins
  4 jackals
  7 quokkas
  3 frilled lizards
  4 kobolds
  6 rats
96 creatures vanquished.

Vanquished Creatures (others)
  345 foxfires
  4 plants (D:1)
  8 withered plants (D:1)
357 creatures vanquished.

Grand Total: 453 creatures vanquished

Notes
Turn   | Place    | Note
-------+----------+-------------------------------------------
     0 | D:1      | funkygono the Gargoyle Fire Elementalist began the quest
                  | for the Orb.
     0 | D:1      | Reached XP level 1. HP: 10/10 MP: 3/3
   213 | D:1      | Reached XP level 2. HP: 15/15 MP: 3/5
   216 | D:1      | Learned a level 2 spell: Scorch
   743 | D:1      | Found a faded altar of an unknown god.
   796 | D:1      | Reached XP level 3. HP: 19/19 MP: 3/6
   800 | D:1      | Learned a level 3 spell: Kindle Blastsparks
  1710 | D:2      | Reached XP level 4. HP: 24/24 MP: 2/8
  2952 | D:3      | Noticed an ogre
  2959 | D:3      | Killed an ogre
  2960 | D:3      | Reached XP level 5. HP: 28/28 MP: 2/10
  3109 | D:3      | Got the Spellbook of Sizzling Impulse
  3468 | D:4      | Reached XP level 6. HP: 12/32 MP: 6/11
  3924 | D:4      | Reached XP level 7. HP: 28/36 MP: 0/13
  4499 | D:4      | Reached skill level 5 in Spellcasting
  4499 | D:4      | Reached skill level 5 in Fire Magic
  4502 | D:4      | Slain by a gnoll

Illustrated notes

Levels and vault maps discovered:
D:1:      onia_arrival_pyramid, layout_basic,
          shapermc_ecumenical_altar_flowoftime
D:2:      layout_loops_corners
D:3:      layout_rooms
D:4:      layout_loops_cross

Skill      XL: |  1  2  3  4  5  6  7 |
---------------+----------------------+-----
Spellcasting   | 3 4 5 |  5.0
Dodging        | 2 |  2.2
Fire Magic     | 4 5 |  5.0
Conjurations   | 2 3 |  3.7
Fighting       | |  0.1
Stealth        | |  2.1

Action                   |  1- 3 |  4- 6 |  7- 9 || total
-------------------------+-------+-------+-------++-------
Melee: Unarmed           |     2 |       |       ||     2
       Club              |    23 |     1 |       ||    24
       Whip              |       |     1 |     1 ||     2
 Cast: Foxfire           |    58 |   109 |    39 ||   206
       Scorch            |     3 |    14 |     6 ||    23
  Use: Potion            |       |       |     1 ||     1
Armor: Robe              |     5 |    18 |     3 ||    26
Dodge: Dodged            |     6 |    32 |    10 ||    48

Table legend: (Time is in decaauts)
 A = Elapsed time spent in this place.
 B = Non-inter-level travel time spent in this place.
 C = Inter-level travel time spent in this place.
 D = Time resting spent in this place.
 E = Time spent auto-exploring this place.
 F = Levels seen in this place.
 G = Mean time per level.
                   A        B        C        D        E       F      G
               +--------+--------+--------+--------+--------+-----+--------+
         Total |   4508 |   4417 |     91 |      0 |   3761 |   4 | 1127.0 |
       Dungeon |   4508 |   4417 |     91 |      0 |   3761 |   4 | 1127.0 |
               +--------+--------+--------+--------+--------+-----+--------+

Top non-repeatable levels by time:
     D:1: 1272 daAuts
     D:4: 1181 daAuts
     D:2: 1175 daAuts
     D:3: 879 daAuts
